AoeStats
← ERRATI

Coastal Forest

510516150Analyzed
4v4 RM · 2d ago on Oct 1, 2026· 45m 35s· 8 players
Game mode
Random Map
Map size
Large (8 player)
Population
200
Speed
Normal
Resources
Standard
Victory
Conquest
Starting age
Dark Age
Ending age
Imperial Age
RankedLock teamsTeams togetherTeam positionsShared explorationLock speedFull tech treeHidden civsTurbo modeCheats
Victory
Defeat
🇳🇱 Teutons · Netherlands
1247
+13
🇨🇳 Italians · China
1186
+15
🇩🇪 Mongols · Germany
1161
+16
🇪🇸 Byzantines · Spain
1155
+16
🇩🇪 Berbers · Germany
1203
-17
🇮🇳 Tupi · India
1197
-16
🇷🇴 Danes · Romania
1163
-15
🇺🇸 Persians · United States
1100
-12
ERRATI
8:28 Loom
10:43 Feudal Age
11:43 Double-Bit Axe
20:54 Castle Age
19:23 Gold Mining
20:09 Horse Collar
21:09 Fletching
21:04 Elite Skirmisher
22:23 Bodkin Arrow
23:39 Pikeman
25:16 Squires
27:01 Bow Saw
27:58 Wheelbarrow
30:12 Scale Mail Armor
30:26 Forging
31:26 Padded Archer Armor
31:41 Scale Mail Armor
32:31 Ballistics
33:52 Hand Cart
35:15 Iron Casting
37:33 Leather Archer Armor
39:31 Chain Mail Armor
42:53 Imperial Age
44:53 Bracer
44:15 Halberdier
46:12 Chemistry
Sirto
11:16 Feudal Age
12:26 Double-Bit Axe
13:41 Wheelbarrow
18:10 Castle Age
16:07 Gold Mining
16:04 Fishing Lines
16:51 Horse Collar
17:54 Loom
19:10 Medium Warships
18:51 Gillnets
23:36 Fletching
27:35 Bodkin Arrow
30:23 Hand Cart
30:42 Heavy Plow
35:00 Caravan
38:56 Imperial Age
36:42 Padded Archer Armor
36:49 Scale Barding Armor
37:42 Ballistics
38:07 Fervor
39:35 Chain Barding Armor
39:31 Leather Archer Armor
40:29 Conscription
40:34 Drill
41:52 Chemistry
40:23 Capped Ram
41:53 Siege Ram
43:35 Bloodlines
43:25 Husbandry
44:29 Heavy Camel Rider
Cosmonaut
7:57 Loom
10:19 Feudal Age
15:26 Bloodlines
20:27 Castle Age
19:27 Double-Bit Axe
20:18 Horse Collar
20:31 Gold Mining
21:17 Scale Barding Armor
21:22 Forging
24:30 Bow Saw
30:56 Wheelbarrow
31:28 Chain Barding Armor
32:23 Hand Cart
32:45 Iron Casting
32:53 Heavy Plow
39:13 Imperial Age
39:15 Cavalier
40:31 Plate Barding Armor
40:56 Blast Furnace
40:54 Paladin
44:07 Two-Man Saw
12014665
7:28 Loom
10:05 Feudal Age
20:32 Castle Age
18:43 Fletching
19:47 Padded Archer Armor
20:34 Horse Collar
21:05 Crossbowman
23:35 Gold Mining
24:48 Bodkin Arrow
27:30 Wheelbarrow
28:01 Leather Archer Armor
28:38 Double-Bit Axe
29:59 Ballistics
33:23 Imperial Age
31:59 Stone Mining
32:25 Hand Cart
32:40 Bow Saw
33:54 Arbalester
35:38 Chemistry
35:51 Bracer
39:35 Two-Man Saw
40:52 Ring Archer Armor
41:24 Stone Shaft Mining
42:41 Scale Barding Armor
43:51 Bombard Tower
43:54 Thumb Ring
43:10 Elite Skirmisher
44:21 Conscription
44:55 Chain Barding Armor
44:46 Forging
44:31 Elite Genoese Crossbowman
BombayGypsy
6:39 Loom
9:02 Feudal Age
10:02 Double-Bit Axe
11:35 Town Watch
11:57 Fletching
12:07 Padded Archer Armor
15:26 Horse Collar
23:00 Castle Age
23:12 Padded Archer Armor
24:11 Heavy Plow
24:30 Bodkin Arrow
24:54 Gold Mining
29:23 Leather Archer Armor
33:07 Wheelbarrow
32:45 Bow Saw
39:02 Imperial Age
38:37 Ballistics
39:48 Bracer
40:18 Ring Archer Armor
41:22 Conscription
43:21 Hand Cart
Castor
5:11 Loom
9:35 Feudal Age
10:09 Feudal Age
11:16 Double-Bit Axe
16:43 Scale Barding Armor
23:56 Wheelbarrow
26:35 Castle Age
25:31 Horse Collar
25:54 Fletching
27:31 Bodkin Arrow
29:28 Padded Archer Armor
33:27 Town Watch
34:53 Leather Archer Armor
36:27 Bloodlines
45:24 Imperial Age
43:18 Bow Saw
44:47 Ballistics
45:24 Thumb Ring
Telepateu
6:35 Loom
9:38 Feudal Age
10:13 Double-Bit Axe
16:35 Castle Age
15:22 Horse Collar
17:36 Bow Saw
17:51 Scale Mail Armor
18:03 Forging
19:31 Bow Saw
24:09 Squires
26:08 Wheelbarrow
25:52 Heavy Plow
28:44 Chain Mail Armor
34:17 Hand Cart
42:09 Imperial Age
40:10 Pikeman
42:45 Halberdier
45:42 Iron Casting
sandogsandy
5:19 Loom
11:55 Feudal Age
12:24 Double-Bit Axe
19:07 Castle Age
18:10 Scale Barding Armor
19:11 Forging
19:44 Medium Warships
20:21 Fletching
20:53 Chain Barding Armor
21:14 Bodkin Arrow
26:01 Chain Barding Armor
27:53 Iron Casting
29:07 Wheelbarrow
35:22 Imperial Age
34:08 Husbandry
34:18 Bloodlines
35:55 Ballistics
35:05 Cavalier
37:17 Plate Barding Armor
39:17 Savar
Connection lost

Rejoining the realm…

Still unreachable

The connection could not be restored.

Session expired

The server has moved on; the page needs a fresh start.